 Dungeon Crawl Stone Soup version 0.29.1-15-g9cfb28693d (webtiles) character file.

Game seed: 1960345481032359027

163 QwertyIsDirtey404 the Slasher (level 5, -1/53 HPs)
             Began as a Troll Berserker on Apr 12, 2023.
             Was a Believer of Trog.
             Slain by a quokka (4 damage)
             ... on level 3 of the Dungeon.
             The game lasted 00:08:04 (2196 turns).

QwertyIsDirtey404 the Slasher (Troll Berserker)     Turns: 2196, Time: 00:08:05

Health: -1/53      AC:  4    Str: 25    XL:     5   Next: 20%
Magic:  4/4        EV: 10    Int:  5    God:    Trog [**....]
Gold:   156        SH:  0    Dex:  9    Spells: 4/4 levels left

rFire   . . .      SeeInvis .   a - +0 falchion
rCold   . . .      Faith    .   (no shield)
rNeg    . . .      Spirit   .   b - +0 animal skin
rPois   .          Reflect  .   (helmet restricted)
rElec   .          Harm     .   (no cloak)
rCorr   .          Rampage  .   (gloves unavailable)
Will    .....                   (boots unavailable)
Stlth   +.........              (no amulet)
HPRegen 0.97/turn               (no ring)
MPRegen 0.09/turn               (no ring)

@: on berserk cooldown, slowed, very slow
A: large, unfitting armour, claws 3, regeneration 1, shaggy fur 1, tough skin 1
a: Renounce Religion, Berserk, Trog's Hand


You were on level 3 of the Dungeon.
You worshipped Trog.
Trog was pleased with you.
You visited 1 branch of the dungeon, and saw 3 of its levels.

You collected 156 gold pieces.

Inventory:

Hand Weapons
 a - a +0 falchion (weapon)
Armour
 b - a +0 animal skin (worn)
Scrolls
 e - a scroll of vulnerability {unknown}
 f - 3 scrolls of identify {unknown}
 h - 2 scrolls of teleportation {unknown}
Potions
 c - a potion of curing {unknown}
 d - a potion of berserk rage {unknown}
 g - a potion of cancellation {unknown}
 i - a potion of heal wounds {unknown}
 j - a potion of flight {unknown}


   Skills:
 + Level 3.2 Fighting
 + Level 3.5 Long Blades
 + Level 3.4 Dodging


You had 4 spell levels left.
You didn't know any spells.
Your spell library contained the following spells:

 Spells                   Type           Power      Damage    Failure   Level
 Iskenderun's Battlesphe  Conj           0%         2d6       100%        5
 Iron Shot                Conj/Erth      0%         9d1       100%        6
 Spellforged Servitor     Conj/Summ      0%         N/A       100%        7
 Chain Lightning          Conj/Air       0%         N/A       100%        9
 Fire Storm               Conj/Fire      0%         5d1       100%        9
 Shatter                  Erth           0%         3d5*      100%        9


Dungeon Overview and Level Annotations

Branches:
Dungeon (3/15)

Altars:
Vehumet


Innate Abilities, Weirdness & Mutations

You are too large for most types of armour.
You have claws for hands.
Your natural rate of healing is unusually fast.
You are covered in fur. (AC +1)
You have tough skin. (AC +1)


Message History

Unknown command.
You barely miss the adder. The adder barely misses you.
The rat closely misses you. The adder bites you.
You are poisoned.
The adder poisons you! The quokka closely misses you.
The rat barely misses you.
Unknown command.
You barely miss the adder.
You feel very sick. The adder closely misses you. The quokka barely misses you.
The rat bites you but does no damage. The adder bites you but does no damage.
The quokka bites you.
* * * LOW HITPOINT WARNING * * *
Unknown command.
You closely miss the adder.
You feel sick. The adder bites you but does no damage.
The rat bites you but does no damage. The quokka bites you.
* * * LOW HITPOINT WARNING * * *
The adder barely misses you. The rat misses you. The quokka closely misses you.
Unknown command.
You closely miss the adder.
You feel sick. The adder bites you but does no damage. The quokka bites you.
* * * LOW HITPOINT WARNING * * *
The rat completely misses you. The adder barely misses you.
The quokka bites you.
* * * LOW HITPOINT WARNING * * *
The rat bites you but does no damage. The adder bites you.
* * * LOW HITPOINT WARNING * * *
You closely miss the adder.
You feel sick.
You are no longer poisoned.
The quokka bites you.
* * * LOW HITPOINT WARNING * * *
The adder bites you but does no damage. The rat closely misses you.
The quokka bites you.
* * * LOW HITPOINT WARNING * * *
The adder bites you but does no damage.
You closely miss the adder. The rat bites you.
* * * LOW HITPOINT WARNING * * *
The quokka bites you.
You die...

#......>......
..
#.......######
. #.......#
### #.......#
.. #.......#
.#
#.......##.##
######......#
#.rS...#
#.r@[..####.
#...........
#.......####
#######..# ..#
... .# #


You could see an adder, a quokka and a rat.

Vanquished Creatures
  A phantom (D:3)
  5 adders
  An ufetubus (D:3)
  A worm (D:2)
  4 bats
  5 endoplasms
  2 giant cockroaches
  A goblin (D:2)
  4 hobgoblins
  A kobold (D:1)
  2 quokkas (D:2)
  3 ball pythons
  A frilled lizard (D:2)
  8 rats
39 creatures vanquished.

Notes
Turn   | Place    | Note
-------+----------+-------------------------------------------
     0 | D:1      | QwertyIsDirtey404 the Troll Berserker began the quest for
                  | the Orb.
     0 | D:1      | Reached XP level 1. HP: 22/22 MP: 0/0
   343 | D:1      | Reached XP level 2. HP: 29/29 MP: 1/1
   925 | D:2      | Reached XP level 3. HP: 11/36 MP: 2/2
  1354 | D:2      | Found a radiant altar of Vehumet.
  1354 | D:2      | Found a faded altar of an unknown god.
  1373 | D:2      | Reached ** piety under Trog
  1576 | D:2      | Identified the +0 robe of the Hall of Blades {rN+ Will+}
  1778 | D:2      | Reached XP level 4. HP: 44/44 MP: 3/3
  2140 | D:3      | Noticed a phantom
  2187 | D:3      | Killed a phantom
  2188 | D:3      | Reached XP level 5. HP: 25/53 MP: 4/4
  2196 | D:3      | Slain by a quokka

Illustrated notes

Levels and vault maps discovered:
D:1:      dpeg_arrival_arbitrary_b, layout_loops_ring,
          chequers_serial_rivers_marsh, minmay_rat_gold_closets
D:2:      layout_loops_corners, basic_altar, dreamdust_ecumenical_altar_grove
D:3:      layout_basic, nicolae_overflow_hidden_temple

Skill      XL: |  1  2  3  4 |
---------------+-------------+-----
Long Blades    | 3 |  3.5
Dodging        | 3 |  3.4
Fighting       | 3 |  3.2

Action                   |  1- 3 |  4- 6 || total
-------------------------+-------+-------++-------
Melee: Falchion          |   167 |    69 ||   236
       Punch             |     3 |       ||     3
Invok: Berserk           |       |     1 ||     1
 Stab: Sleeping          |     1 |       ||     1
Armor: Animal skin       |   163 |    55 ||   218
Dodge: Dodged            |   218 |    83 ||   301
